[Event "SWE-ch Masters 2019"]
[Site "Eskilstuna"]
[Date "2019.07.14"]
[Round "9.8"]
[White "Cramling Bellon, Anna"]
[Black "Jogstad, Daniel"]
[Result "1/2-1/2"]
[ECO "E90"]
[WhiteElo "2030"]
[BlackElo "2154"]
[Annotator "ChessBase"]
[PlyCount "97"]
[EventDate "2019.07.06"]
[EventType "swiss"]
[EventCountry "SWE"]
[SourceTitle "playchess.com"]
[Source "ChessBase"]
[SourceQuality "1"]
[TimeControl "40/5400+30:1800+30"]

1. d4 Nf6 2. c4 g6 3. Nc3 Bg7 4. e4 d6 5. h3 O-O 6. Nf3 Na6 7. Bg5 e5 8. d5 h6 9. Be3 Nc5 10. Qc2 c6 11. b4 Ncxe4 12. Nxe4 Nxe4 13. Qxe4 f5 14. Qh4 f4 15. Qxd8 Rxd8 16. Rc1 fxe3 17. fxe3 Bf5 18. Be2 cxd5 19. cxd5 Rac8 20. O-O Be4 21. Bc4 Rc7 22. Nd2 Bf5 23. g4 Bc8 24. Bd3 Rxc1 25. Rxc1 h5 26. g5 Bxh3 27. Bxg6 Rc8 28. Rxc8+ Bxc8 29. Bxh5 Bf8 30. e4 Bd7 31. Kf2 Be7 32. Nf3 Ba4 33. Kg3 Bd8 34. Kh4 Bc2 35. Nd2 a5 36. a3 Bb6 37. Bf3 axb4 38. axb4 Bd3 39. Kg4 Bd4 40. Nb3 Bc3 41. Na5 Ba6 42. b5 Bxa5 43. bxa6 bxa6 44. Kf5 Kg7 45. Be2 Bb4 46. Bxa6 Bc5 47. Be2 Bb4 48. Bh5 Bc5 49. Ke6 1/2-1/2

[Event "SWE-ch Masters 2019"]
[Site "Eskilstuna"]
[Date "2019.07.14"]
[Round "9.9"]
[White "Sivhed, Johan"]
[Black "Emmoth, Alfons"]
[Result "1/2-1/2"]
[ECO "C12"]
[WhiteElo "2023"]
[BlackElo "2075"]
[Annotator "NA"]
[PlyCount "54"]
[EventDate "2019.07.06"]
[EventType "swiss"]
[EventCountry "SWE"]
[SourceTitle "playchess.com"]
[Source "ChessBase"]
[SourceQuality "1"]
[TimeControl "40/5400+30:1800+30"]

1. e4 e6 2. d4 d5 3. Nc3 Nf6 4. Bg5 Bb4 5. e5 h6 6. Be3 Ne4 7. Qg4 g6 8. a3 Bxc3+ 9. bxc3 c5 10. Bd3 Nxc3 11. dxc5 Qa5 12. Qb4 Qxb4 13. axb4 Bd7 14. Bd4 Nb5 15. Bb2 Na6 16. Ra5 Nac7 17. Nf3 a6 18. Kd2 Na7 19. Nd4 Nc6 20. Nxc6 Bxc6 21. Bd4 Kd7 22. h4 Bb5 23. f3 Rag8 24. g4 Bxd3 25. Kxd3 Nb5 26. c3 Na7 27. Ra2 Kc7 1/2-1/2

[Event "SWE-ch Masters 2019"]
[Site "Eskilstuna"]
[Date "2019.07.14"]
[Round "9.10"]
[White "Olsson, William"]
[Black "Carlsson, Andreas"]
[Result "0-1"]
[ECO "A13"]
[WhiteElo "2113"]
[BlackElo "2019"]
[Annotator "ChessBase"]
[PlyCount "96"]
[EventDate "2019.07.06"]
[EventType "swiss"]
[EventCountry "SWE"]
[SourceTitle "playchess.com"]
[Source "ChessBase"]
[SourceQuality "1"]
[TimeControl "40/5400+30:1800+30"]

1. c4 e6 2. Nc3 f5 3. d3 Nf6 4. g3 c6 5. Bg2 d5 6. Qc2 d4 7. Nb1 c5 8. Bf4 Bd6 9. Bxd6 Qxd6 10. Nd2 Nc6 11. a3 O-O 12. Nh3 b6 13. Qa4 Bd7 14. Rb1 a5 15. O-O h6 16. Qc2 g5 17. f4 g4 18. Nf2 Kg7 19. Rbe1 h5 20. e4 dxe3 21. Rxe3 Nd4 22. Qc3 Bc6 23. Bxc6 Qxc6 24. b4 axb4 25. axb4 Ra2 26. bxc5 bxc5 27. Qc1 Rb8 28. Nb1 Re2 29. Nc3 Rc2 30. Qe1 Rbb2 31. Nb5 Nf3+ 32. Rxf3 Qxf3 33. Nc3 Qxd3 34. Ncd1 Ra2 35. Qxe6 Re2 36. Qc8 h4 37. Qb7+ Qd7 38. Qxd7+ Nxd7 39. Nc3 Nb6 40. Nxa2 Rxa2 41. gxh4 Nxc4 42. Nd3 Nd2 43. Rf2 c4 44. Nc1 Rc2 45. Kg2 Kf6 46. Re2 Rb2 47. h5 c3 48. h3 Nb3 0-1